 Dungeon Crawl Stone Soup version 0.23.2-11-gf996548 (webtiles) character file.

Game seed: 11946940192914232295

195 Fang the Skirmisher (level 5, -5/51 HPs)
             Began as a Gargoyle Berserker on June 4, 2019.
             Was a Believer of Trog.
             Killed by nerve-wracking pain
             ... invoked by Grinder
              (7 damage)
             ... on level 3 of the Dungeon.
             The game lasted 00:02:28 (2190 turns).

Fang the Skirmisher (Gargoyle Berserker)            Turns: 2190, Time: 00:02:29

Health: -5/51      AC:  6    Str: 26    XL:     5   Next: 74%
Magic:  5/5        EV: 12    Int:  8    God:    Trog [**....]
Gold:   68         SH:  0    Dex:  9    Spells: 4/4 levels left

rFire    . . .     SeeInvis .   a - +0 hand axe
rCold    . . .     Gourm    .   (no shield)
rNeg     + . .     Faith    .   b - +0 animal skin
rPois    ∞         Spirit   .   (no helmet)
rElec    +         Reflect  .   (no cloak)
rCorr    .         Harm     .   (no gloves)
MR       .....                  (no boots)
Stlth    ..........             (no amulet)
HPRegen  0.17/turn              (no ring)
MPRegen  0.09/turn              (no ring)

@: berserking (expiring), very quick
A: negative energy resistance 1, electricity resistance, unbreathing,
petrification resistance, rot immunity, AC +4
a: Berserk, Trog's Hand, Renounce Religion


You were on level 3 of the Dungeon.
You worshipped Trog.
Trog was pleased with you.
You were very hungry.

You visited 1 branch of the dungeon, and saw 3 of its levels.

You collected 68 gold pieces.

Inventory:

Hand Weapons
 a - a +0 hand axe (weapon)
Armour
 b - a +0 animal skin (worn)
Jewellery
 f - an uncursed ring of fire {unknown}
Scrolls
 d - a scroll of fog {unknown}
 e - 3 scrolls of identify {unknown}
 g - a scroll of blinking {unknown}
 h - a scroll of remove curse {unknown}
 j - a scroll of fear {unknown}
 p - 2 scrolls of noise {unknown}
Potions
 i - a potion of heal wounds {unknown}
 k - 2 potions of flight {unknown}
 l - 2 potions of curing {unknown}
 m - 2 potions of agility {unknown}
 n - a potion of lignification {unknown}
Comestibles
 c - 5 rations
 o - 11 chunks of flesh


   Skills:
 + Level 4.4 Fighting
 + Level 3.6 Axes
 + Level 3.5 Armour
 + Level 2.7 Dodging


You had 4 spell levels left.
You didn't know any spells.
Your spell library was empty.

Dungeon Overview and Level Annotations

Branches:
Dungeon (3/15)

Altars:
Cheibriados
Nemelex Xobeh
The Shining One

Annotations:
D:3 Grinder


Innate Abilities, Weirdness & Mutations

You are resistant to torment.
Your stone body is resilient. (AC +4)
You are immune to poison.
You resist negative energy. (rN+)
You are resistant to electric shocks. (rElec)
You can survive without breathing.
You are immune to petrification.
You are immune to rotting.


Message History

You slash the worm!
You kill the worm!
Trog accepts your kill. Grinder hits you.
* * * LOW HITPOINT WARNING * * *
You writhe in agony.
* * * LOW HITPOINT WARNING * * *
You closely miss Grinder.
Grinder is lightly wounded.
You slice Grinder!!
Grinder is severely wounded.
Grinder hits you!
* * * LOW HITPOINT WARNING * * *
You writhe in agony.
* * * LOW HITPOINT WARNING * * *
You closely miss Grinder.
Grinder is severely wounded.
Grinder gestures at you. Pain shoots through your body!
You die...

).......# .........
#)....... #........
##........ # .........
..### #5.?.....
....##@†......
#..#........
#...#......
#....#.......
###......####..
#######........###..#
...................#
#########..###.......#
. #.....# #.##
#......##.....#


You could see Grinder.

Vanquished Creatures
  A scorpion (D:2)
  A worker ant zombie (D:2)
  6 adders
  2 adder skeletons (D:2)
  2 worms (D:3)
  2 dart slugs
  4 leopard geckos
  12 bats
  A bat zombie (D:2)
  2 giant cockroaches
  6 hobgoblins
  7 kobolds
  A ball python (D:1)
  A ball python zombie (D:2)
  9 frilled lizards
  8 goblins
  A quokka zombie (D:2)
  6 rats
72 creatures vanquished.

Vanquished Creatures (others)
  A bat (D:3)
1 creature vanquished.

Grand Total: 73 creatures vanquished

Notes
Turn   | Place    | Note
-------+----------+-------------------------------------------
     0 | D:1      | Fang the Gargoyle Berserker began the quest for the Orb.
     0 | D:1      | Reached XP level 1. HP: 14/14 MP: 1/1
   232 | D:1      | Reached XP level 2. HP: 18/19 MP: 2/2
   572 | D:1      | Reached XP level 3. HP: 23/23 MP: 3/3
   938 | D:2      | Reached ** piety under Trog
   963 | D:2      | Reached XP level 4. HP: 19/29 MP: 4/4
  1322 | D:2      | Reached skill level 4 in Fighting
  1381 | D:2      | Found a snail-covered altar of Cheibriados.
  1525 | D:2      | Found a sparkling altar of Nemelex Xobeh.
  1643 | D:2      | Reached XP level 5. HP: 19/33 MP: 5/5
  2142 | D:3      | Found a glowing golden altar of the Shining One.
  2173 | D:3      | Noticed Grinder
  2189 | D:3      | HP: 2/51 [Grinder (2)]
  2190 | D:3      | Killed from afar by Grinder

Skill      XL: |  1  2  3  4 |
---------------+-------------+-----
Axes           | 3 |  3.6
Dodging        | 2 |  2.7
Armour         | 3 |  3.5
Fighting       | 4 |  4.4

Action                   |  1- 3 |  4- 6 || total
-------------------------+-------+-------++-------
Melee: Hand axe          |    91 |   144 ||   235
Invok: Berserk           |       |     2 ||     2
 Stab: Sleeping          |     1 |       ||     1
  Eat: Chunk             |       |     5 ||     5
Armor: Animal skin       |    40 |    52 ||    92
Dodge: Dodged            |    78 |   104 ||   182
